 Dungeon Crawl Stone Soup version 0.31-a0-277-g31ea1f6 (webtiles) character file.

Game seed: 14868534385850563933

72292 Dawnplanks the Wrestler (level 15, -4/143 HPs)
             Began as a Troll Shapeshifter on July 15, 2023.
             Was a High Priest of Ru.
             Slain by a white ugly thing (8 damage)
             ... on level 15 of the Dungeon.
             The game lasted 00:50:10 (17798 turns).

Dawnplanks the Wrestler (Troll Shapeshifter)       Turns: 17798, Time: 00:50:11

Health: -4/143     AC: 10    Str: 33    XL:     15   Next: 0%
Magic:  8/14       EV: 15    Int: 10    God:    Ru [*****.]
Gold:   1252       SH:  0    Dex: 12    Spells: 14/14 levels left

rFire   + .          .
                       - Unarmed
rCold   . . .        (no shield)
rNeg    . . .        R - +1 swamp dragon scales
rPois   +            (helmet currently unavailable)
rElec   .            (cloak currently unavailable)
rCorr   +            (gloves unavailable)
SInv    .            (boots unavailable)
Will    +....        A - amulet of regeneration Stlth
                     b - +5 ring of evasion
HPRegen 2.03/turn    F - ring "Qaoz" {Will+ rCorr Int+6 Dex+2 Stlth+}
MPRegen 0.14/turn

%: no passive effects
@: exhausted, beast-form
A: beast (slay +7), large, unfitting armour, claws 3, regeneration 1, shaggy fur
1, tough skin 1, no stealth, inability to use devices, inability to train
armour, weak-willed 1, fire resistance 1, screaming 1
a: Begin Untransformation, Renounce Religion, Draw Out Power, Power Leap,
Apocalypse


You were on level 15 of the Dungeon.
You worshipped Ru.
Ru was extremely pleased with you.
You were a hulking beast.
You visited 3 branches of the dungeon, and saw 21 of its levels.
You also visited: Sewer, Gauntlet and Volcano.

You collected 1914 gold pieces.
You spent 662 gold pieces at shops.

Inventory:

Hand Weapons
 t - a +0 hand crossbow of flaming
 E - a +2 mace of protection
Missiles
 e - 2 throwing nets
Armour
 n - +0 fire dragon scales
 K - the -2 hat of the Alchemist {rElec rPois rF+ rC+ rN+ Will+ rMut rCorr}
   (You bought it in a shop on level 12 of the Dungeon)

   rF:        It protects you from fire.
   rC:        It protects you from cold.
   rElec:     It insulates you from electricity.
   rPois:     It protects you from poison.
   rN:        It protects you from negative energy.
   rCorr:     It protects you from acid and corrosion.
   rMut:      It protects you from mutation.
   Will:      It increases your willpower.
 R - +1 swamp dragon scales (worn)
Jewellery
 b - a +5 ring of evasion (left claw)
 A - an amulet of regeneration (around neck)
 F - the ring "Qaoz" (right claw) {Will+ rCorr Int+6 Dex+2 Stlth+}
   (You found it on level 8 of the Dungeon)

   [ring of willpower]

   Int:       It affects your intelligence (+6).
   Dex:       It affects your dexterity (+2).
   rCorr:     It protects you from acid and corrosion.
   Will:      It increases your willpower.
   Stlth:     It makes you more stealthy.
 I - a ring of protection from fire
 J - a ring of flight
 M - the ring of the Scarab {rPois rN+ MP+9 SInv Stlth+}
   (You found it in a Gauntlet)

   [ring of see invisible]

   rPois:     It protects you from poison.
   rN:        It protects you from negative energy.
   MP:        It affects your magic capacity (+9).
   SInv:      It lets you see invisible.
   Stlth:     It makes you more stealthy.
 O - the amulet "Tacas" {Spirit +Inv Fly rPois Str-2}
   (You took it off a minotaur in a Gauntlet)

   [amulet of guardian spirit]

   It causes incoming damage to be divided between your reserves of health and
   magic.
   Str:       It affects your strength (-2).
   rPois:     It protects you from poison.
   +Inv:      It lets you turn invisible.
   Fly:       It grants you flight.
Talismans
 c - a beast talisman
 v - a talisman of death
 Q - a serpent talisman
Scrolls
 h - 5 scrolls of noise
 i - 7 scrolls of enchant armour
 j - a scroll of vulnerability {unknown}
 k - a scroll of brand weapon {unknown}
 m - 6 scrolls of amnesia
 p - 5 scrolls of teleportation
 q - 3 scrolls of enchant weapon
 x - 2 scrolls of fear
 y - 4 scrolls of fog
 z - a scroll of silence {unknown}
 D - 3 scrolls of immolation
 G - 2 scrolls of identify
 L - 3 scrolls of blinking
Potions
 a - 3 potions of berserk rage
 d - 2 potions of haste
 f - a potion of lignification
 g - 2 potions of mutation
 l - 7 potions of curing
 o - 2 potions of heal wounds
 r - 2 potions of invisibility
 s - a potion of might
 u - 7 potions of enlightenment
 w - 3 potions of attraction
 C - a potion of cancellation
 H - a potion of brilliance
Miscellaneous
 T - a phantom mirror


   Skills:
 * Level 7.8 Fighting
 * Level 4.7 Dodging
 + Level 21.2 Unarmed Combat
 * Level 10.8 Shapeshifting


You had 14 spell levels left.
You didn't know any spells.
Your spell library contained the following spells:

 Spells                   Type           Power      Damage    Failure   Level
 Freeze                   Ice            0%         1d3       47%         1
 Kiss of Death            Conj/Necr      0%         2d5       47%         1
 Sandblast                Erth           0%         2d4       47%         1
 Sting                    Tmut/Pois      0%         1d3       47%         1
 Blink                    Tloc           0%         N/A       63%         2
 Ensorcelled Hibernation  Hex/Ice        0%         N/A       63%         2
 Passwall                 Tmut/Erth      0%         N/A       63%         2
 Sublimation of Blood     Necr           0%         N/A       63%         2
 Confusing Touch          Hex            0%         N/A       85%         3
 Frozen Ramparts          Ice            0%         1d1       85%         3
 Gell's Gravitas          Tloc           0%         N/A       85%         3
 Hailstorm                Conj/Ice       0%         3d3       85%         3
 Mephitic Cloud           Conj/Pois/Air  0%         N/A       85%         3
 Ozocubu's Armour         Ice            0%         N/A       85%         3
 Stone Arrow              Conj/Erth      0%         3d7       85%         3
 Swiftness                Air            0%         N/A       85%         3
 Teleport Other           Tloc           0%         N/A       85%         3
 Animate Armour           Summ/Erth      0%         N/A       99%         4
 Dispel Undead            Necr           0%         3d6       99%         4
 Leda's Liquefaction      Hex/Erth       0%         N/A       99%         4
 Manifold Assault         Tloc           0%         N/A       99%         4
 Olgreb's Toxic Radiance  Pois           0%         N/A       99%         4
 Petrify                  Tmut/Erth      0%         N/A       99%         4
 Irradiate                Conj/Tmut      0%         3d11      100%        5
 Metabolic Englaciation   Hex/Ice        0%         N/A       100%        5
 Dispersal                Tloc           0%         N/A       100%        6
 Leda's Unmaking          Conj/Erth      0%         9d1       100%        6
 Ozocubu's Refrigeration  Ice            0%         4d7       100%        7
 Discord                  Hex            0%         N/A       100%        8
 Ignition                 Fire           0%         3d3       100%        8
 Lehudib's Crystal Spear  Conj/Erth      0%         10d2      100%        8


Dungeon Overview and Level Annotations

Branches:
Dungeon (15/15)            Temple (1/1) D:7            Lair (5/5) D:10
 Shoals (0/4) Lair:3        Snake (0/4) Lair:3        Slime (0/5) Lair:5
    Orc (0/2) D:11         Vaults (0/5) D:13          Sewer (visited)
Volcano (visited)         Gauntlet (visited)
 Depths: D:15

Altars:
Ashenzari
Cheibriados
Dithmenos
Elyvilon
Fedhas
Gozag
Hepliaklqana
Kikubaaqudgha
Makhleb
Nemelex Xobeh
Okawaru
Qazlal
Ru
Sif Muna
Trog
Uskayaw
Vehumet
Wu Jian
Xom
Yredelemnul
Zin
The Shining One
Jiyva

Shops:
D:5 ?   D:12 [

Portals:
Hell: Lair:5
Trove: D:11 (give +3 storm dragon scales)


Innate Abilities, Weirdness & Mutations

You are a hulking beast.
Your limbs bulge with bestial killing power. (Slay +7)
You are too large for most types of armour.
You have claws for hands.
Your natural rate of healing is unusually fast.
You are covered in fur. (AC +1)
You have tough skin. (AC +1)
You cannot be stealthy.
You cannot study or use magical devices.
You cannot train Armour skill.
You are slightly weak-willed. (Will-)
Your flesh is heat resistant. (rF+)
You occasionally shout uncontrollably at your foes.


Message History

You kill the centaur warrior!
The green ugly thing basks in the mutagenic energy from its kin and changes!
You scratch the white ugly thing. Your claw misses the white ugly thing.
The white ugly thing is moderately wounded.
The white ugly thing tentacle-slaps you.
The white ugly thing freezes you!!
You focus your inner power and blind the white ugly thing in retribution!
Okay, then.
You closely miss the white ugly thing.
The white ugly thing is moderately wounded.
The white ugly thing stings you. The white ugly thing freezes you!!
You closely miss the white ugly thing.
The white ugly thing is moderately wounded.
You catch the helpless white ugly thing completely off-guard!
You mangle the white ugly thing!! You claw the white ugly thing!!
You kill the white ugly thing!
The white ugly thing basks in the mutagenic energy from its kin and changes!
You redirect the white ugly thing's attack!
The white ugly thing stings itself!
You eviscerate the purple ugly thing!!!
You kill the purple ugly thing!
The white ugly thing closely misses you.
You have reached level 15!
Your experience leads to an increase in your attributes!
Your base attributes are Str 30, Int 4, Dex 10.
Increase (S)trength, (I)ntelligence, or (D)exterity?
You feel stronger. x3
You barely miss the manticore. The white ugly thing stings you!
The white ugly thing freezes you!!
* * * LOW HITPOINT WARNING * * *
You feel much better. The manticore bites you.
* * * LOW HITPOINT WARNING * * *
The manticore closely misses you. The manticore claws you!
* * * LOW HITPOINT WARNING * * *
The white ugly thing trunk-slaps you!
* * * LOW HITPOINT WARNING * * *
The white ugly thing freezes you!
* * * LOW HITPOINT WARNING * * *
The white ugly thing stings you!
You die...

#..# #.... ....... #..#
#.... .......
#.[#####.... .......
#.......)... .......
#........... .......
#...........
.......######...........
......H†.†..............
.)..$.uh................
......u######...........
....... #..........
....... #.........
....... #........
....... #........
....... ....... .......


You could see 2 ugly things and a manticore.

Vanquished Creatures
  A tentacled starspawn (Lair:3)
  An ironbound preserver (D:13)
  A dire elephant (Lair:5)
  Azrael (D:12)
  A minotaur (Gauntlet)
  A fire dragon (Volcano)
  5 centaur warriors
  3 boulder beetles
  3 death yaks
  2 two-headed ogres
  6 sun demons
  A skeletal warrior (D:13)
  A wretched star (Gauntlet)
  2 skysharks
  2 wizards
  A necromancer (Gauntlet)
  14 ugly things
  A manticore (D:12)
  5 cyclopes
  An oklob plant (Lair:4)
  Maurice (D:12)
  An orange demon (Lair:5)
  2 torpor snails
  11 elephants
  2 smoke demons
  3 gargoyles
  7 black mambas
  10 cane toads
  4 rime drakes
  3 ice devils (Lair:5)
  3 unseen horrors
  A tengu conjurer (D:13)
  3 efreet
  11 komodo dragons
  A polar bear (Lair:5)
  A red devil (Lair:5)
  A troll (D:13)
  5 hornets
  17 blink frogs
  A dream sheep (Lair:5)
  12 slime creatures
  A shadow (D:12)
  A centaur simulacrum (D:14)
  A vampire (D:11)
  3 fire bats (Lair:2)
  5 wyverns
  A basilisk (shapeshifter) (D:15)
  3 wraiths
  A human (Lair:3)
  4 fire elementals (D:12)
  3 steam dragons
  3 basilisks
  37 yaks
  Menkaure (D:6)
  6 vampire mosquitoes
  2 swamp worms (Lair:1)
  5 acid dragons
  17 water moccasins
  9 hell hounds
  A swamp drake (Lair:2)
  7 orc warriors
  A small abomination (Gauntlet)
  A sky beast (D:7)
  An ogre (D:6)
  2 black bears
  An ice beast (D:7)
  14 wolves
  9 centaurs
  3 phantoms (D:5)
  11 bullfrogs
  2 scorpions
  15 wights
  7 killer bees
  4 electric eels (Lair:2)
  5 howler monkeys
  A vampire bat (D:8)
  2 jellies
  6 orc priests
  2 hounds
  2 gnoll boudas (D:6)
  5 iguanas
  11 orc wizards
  A sleepcap (D:5)
  6 hell rats
  10 gnolls
  34 adders
  9 river rats
  2 shadow imps
  2 white imps (D:6)
  4 worms
  2 dart slugs
  57 orcs
  13 ball pythons
  11 endoplasms
  5 giant cockroaches
  7 goblins
  7 hobgoblins
  12 jackals
  8 quokkas
  22 bats
  6 frilled lizards
  6 kobolds
  5 rats
598 creatures vanquished.

Vanquished Creatures (others)
  A hydra (Lair:5)
  A boulder beetle (D:12)
  A water elemental (D:13)
  2 starspawn tentacles (Lair:3)
5 creatures vanquished.

Grand Total: 603 creatures vanquished

Notes
Turn   | Place    | Note
-------+----------+-------------------------------------------
     0 | D:1      | Dawnplanks the Troll Shapeshifter began the quest for the
                  | Orb.
     0 | D:1      | Reached XP level 1. HP: 19/19 MP: 0/0
   115 | D:1      | Reached XP level 2. HP: 27/27 MP: 1/1
   170 | D:1      | Found a faded altar of an unknown god.
   404 | D:1      | Reached XP level 3. HP: 35/35 MP: 2/2
   815 | D:2      | Reached XP level 4. HP: 31/42 MP: 3/3
   903 | D:2      | Found a sparkling altar of Nemelex Xobeh.
   911 | D:2      | Reached skill level 3 in Unarmed Combat
  1421 | D:3      | Reached XP level 5. HP: 49/49 MP: 4/4
  1438 | D:3      | Found an iron altar of Okawaru.
  1487 | D:3      | Found a shimmering blue altar of Sif Muna.
  1903 | D:4      | Found a glowing drain.
  1927 | D:4      | Reached skill level 4 in Unarmed Combat
  1931 | Sewer    | Entered a sewer
  1961 | Sewer    | Reached XP level 6. HP: 57/57 MP: 5/5
  2133 | Sewer    | Reached skill level 5 in Shapeshifting
  2900 | D:4      | Found an opulent altar of Gozag.
  3203 | D:5      | Entered Level 5 of the Dungeon
  3310 | D:5      | Reached skill level 5 in Unarmed Combat
  3322 | D:5      | Found Liuxiarph's Magic Scroll Shoppe.
  3345 | D:5      | Reached XP level 7. HP: 66/66 MP: 6/6
  3791 | D:5      | Found a bloodstained altar of Trog.
  3899 | D:5      | Reached skill level 6 in Unarmed Combat
  3976 | D:5      | Bought a scroll of identify for 24 gold pieces
  3976 | D:5      | Bought a scroll of identify for 24 gold pieces
  3976 | D:5      | Bought a scroll of identify for 24 gold pieces
  3976 | D:5      | Bought a scroll of identify for 24 gold pieces
  4094 | D:5      | Found an ancient bone altar of Kikubaaqudgha.
  4180 | D:5      | Found a glowing silver altar of Zin.
  4279 | D:5      | Reached XP level 8. HP: 64/74 MP: 7/7
  4328 | D:6      | Found a blossoming altar of Fedhas.
  4421 | D:6      | Reached skill level 7 in Unarmed Combat
  4542 | D:6      | Noticed Menkaure
  4546 | D:6      | Killed Menkaure
  4760 | D:6      | Found a hide-covered altar of Uskayaw.
  5019 | D:7      | Found a white marble altar of Elyvilon.
  5022 | D:7      | Found a staircase to the Ecumenical Temple.
  5044 | Temple   | Entered the Ecumenical Temple
  5096 | D:7      | Reached skill level 8 in Unarmed Combat
  5202 | D:7      | Found a hazy altar of Hepliaklqana.
  5203 | D:7      | Found a shimmering altar of Xom.
  5214 | D:7      | Killed an unseen horror
  5264 | D:7      | Reached XP level 9. HP: 81/81 MP: 8/8
  5269 | D:7      | Reached skill level 9 in Unarmed Combat
  5383 | D:7      | Reached skill level 10 in Unarmed Combat
  5669 | D:7      | Noticed a spectral ugly thing
  5670 | D:7      | Noticed a white ugly thing
  5846 | D:8      | Identified the ring "Qaoz" {Will+ rCorr Int+6 Dex+2 Stlth+}
  6609 | D:9      | Gained mutation: Your flesh is heat resistant. (rF+)
                  | [potion of mutation]
  6609 | D:9      | Gained mutation: You occasionally shout uncontrollably at
                  | your foes. [potion of mutation]
  6645 | D:9      | Reached skill level 11 in Unarmed Combat
  6645 | D:9      | Reached XP level 10. HP: 84/92 MP: 9/9
  7025 | D:9      | Found a snail-covered altar of Cheibriados.
  7032 | D:9      | Noticed a two-headed ogre
  7035 | D:9      | Killed a two-headed ogre
  7170 | D:9      | Found a burning altar of Makhleb.
  7225 | D:10     | Entered Level 10 of the Dungeon
  7239 | D:10     | Found a sacrificial altar of Ru.
  7252 | D:9      | Reached skill level 12 in Unarmed Combat
  7319 | D:10     | Became a worshipper of Ru the Awakened
  7680 | D:10     | Found a staircase to the Lair.
  7812 | D:10     | Noticed a gargoyle
  7818 | D:10     | Killed a gargoyle
  7879 | D:11     | Noticed a cyclops
  7882 | D:11     | Killed a cyclops
  7882 | D:11     | Noticed a gargoyle
  7883 | D:11     | Reached skill level 13 in Unarmed Combat
  7890 | D:11     | Killed a gargoyle
  7891 | D:11     | Reached XP level 11. HP: 51/101 MP: 10/10
  8172 | D:11     | Found a staircase to the Orcish Mines.
  8182 | D:11     | Gained mutation: You cannot train Armour skill. [Ru
                  | sacrifice]
  8182 | D:11     | Reached * piety under Ru
  8451 | D:11     | Found a portal to a secret trove of treasure.
  8643 | Lair:1   | Entered Level 1 of the Lair of Beasts
  8671 | Lair:1   | You fall into a shaft and drop 1 floor!
  8685 | Lair:2   | Reached skill level 14 in Unarmed Combat
  8814 | Lair:2   | Found a dark tunnel.
  8826 | Lair:2   | Reached skill level 5 in Fighting
  8841 | Volcano  | Entered a volcano
  8868 | Volcano  | Noticed a sun demon
  8875 | Volcano  | Killed a sun demon
  8903 | Volcano  | Noticed a sun demon
  8916 | Volcano  | Killed a sun demon
  8932 | Volcano  | Noticed a sun demon
  8935 | Volcano  | Noticed a sun demon
  8938 | Volcano  | Killed a sun demon
  8939 | Volcano  | Reached skill level 15 in Unarmed Combat
  8947 | Volcano  | Killed a sun demon
  9033 | Volcano  | Noticed a sun demon
  9044 | Volcano  | Noticed a fire dragon
  9046 | Volcano  | Killed a sun demon
  9053 | Volcano  | Killed a fire dragon
  9054 | Volcano  | Reached XP level 12. HP: 89/111 MP: 11/11
  9391 | Lair:2   | Gained mutation: You are slightly weak-willed. (Will-) [Ru
                  | sacrifice]
  9391 | Lair:2   | Reached ** piety under Ru
  9391 | Lair:2   | Reached *** piety under Ru
 10219 | Lair:3   | Reached skill level 16 in Unarmed Combat
 10262 | Lair:3   | Reached skill level 10 in Shapeshifting
 10308 | Lair:3   | Found a staircase to the Shoals.
 10312 | Lair:3   | Noticed a death yak
 10313 | Lair:3   | Noticed a death yak
 10646 | Lair:3   | Killed a death yak
 10654 | Lair:3   | Killed a death yak
 10685 | Lair:3   | Gained mutation: You cannot study or use magical devices.
                  | [Ru sacrifice]
 10685 | Lair:3   | Reached **** piety under Ru
 10685 | Lair:3   | Reached ***** piety under Ru
 10905 | Lair:3   | Found a staircase to the Snake Pit.
 10992 | Lair:3   | Found a runed translucent door.
 10999 | Lair:3   | Reached skill level 17 in Unarmed Combat
 11270 | Lair:3   | Noticed a tentacled starspawn
 11278 | Lair:3   | Killed a tentacled starspawn
 11279 | Lair:3   | Identified the +0 war axe of Rootieh {chaos, Will- Int+7}
 11422 | Lair:4   | Noticed a boulder beetle
 11456 | Lair:4   | Killed a boulder beetle
 12099 | Lair:4   | Reached XP level 13. HP: 104/120 MP: 6/12
 12351 | Lair:5   | Entered Level 5 of the Lair of Beasts
 12364 | Lair:5   | Reached skill level 18 in Unarmed Combat
 12469 | Lair:4   | HP: 2/105 [hell rat (10)]
 12648 | Lair:5   | Reached skill level 19 in Unarmed Combat
 12855 | Lair:5   | Noticed a dire elephant
 12868 | Lair:5   | Killed a dire elephant
 13078 | Lair:5   | Found a staircase to the Slime Pits.
 13085 | Lair:5   | Found a viscous altar of Jiyva.
 13216 | Lair:5   | Found a burning altar of Makhleb.
 13292 | Lair:5   | Found a gateway to Hell.
 13646 | Lair:1   | Gained mutation: You cannot be stealthy. [Ru sacrifice]
 13726 | Lair:1   | Reached XP level 14. HP: 131/131 MP: 13/13
 13815 | Lair:1   | Reached skill level 20 in Unarmed Combat
 14834 | D:12     | Noticed Maurice
 14840 | D:12     | Killed Maurice
 14997 | D:12     | Found Powunuceu's Armour Emporium.
 15003 | D:12     | Bought the -2 hat of the Alchemist {rElec rPois rF+ rC+ rN+
                  | Will+ rMut rCorr} for 566 gold pieces
 15003 | D:12     | Found the -2 hat of the Alchemist {rElec rPois rF+ rC+ rN+
                  | Will+ rMut rCorr}
 15046 | D:12     | You fall into a shaft and drop 2 floors!
 15085 | D:14     | Found a gate leading to a gauntlet.
 15094 | Gauntlet | Entered a Gauntlet
 15094 | Gauntlet | Found a transporter.
 15094 | Gauntlet | Found a transporter.
 15094 | Gauntlet | Found a transporter.
 15094 | Gauntlet | Found a transporter.
 15114 | Gauntlet | Found a transporter.
 15128 | Gauntlet | Found a transporter.
 15128 | Gauntlet | Found a transporter.
 15130 | Gauntlet | Found a large runed translucent door.
 15131 | Gauntlet | Found a large runed translucent door.
 15132 | Gauntlet | Found a large runed translucent door.
 15132 | Gauntlet | Found a large runed translucent door.
 15132 | Gauntlet | Found a runed translucent door.
 15132 | Gauntlet | Found a runed translucent door.
 15133 | Gauntlet | Found a large runed translucent door.
 15134 | Gauntlet | Found a large runed translucent door.
 15135 | Gauntlet | Found a large runed translucent door.
 15135 | Gauntlet | Found a large runed translucent door.
 15136 | Gauntlet | Found a runed translucent gate.
 15136 | Gauntlet | Found a runed translucent gate.
 15136 | Gauntlet | Found a runed translucent gate.
 15138 | Gauntlet | Found a transporter.
 15147 | Gauntlet | Found a large runed translucent door.
 15147 | Gauntlet | Found a large runed translucent door.
 15148 | Gauntlet | Found a large runed translucent door.
 15149 | Gauntlet | Found a large runed translucent door.
 15159 | Gauntlet | Found a large runed translucent door.
 15159 | Gauntlet | Found a large runed translucent door.
 15160 | Gauntlet | Found a large runed translucent door.
 15161 | Gauntlet | Found a large runed translucent door.
 15182 | Gauntlet | Found a transporter.
 15225 | Gauntlet | Found a transporter.
 15229 | Gauntlet | Found a transporter.
 15241 | Gauntlet | Found a transporter.
 15384 | Gauntlet | Got the Omnibus of Infection
 15415 | Gauntlet | Identified the ring of the Scarab {rPois rN+ MP+9 SInv
                  | Stlth+}
 15459 | Gauntlet | Identified the +0 helmet of Hutousty {+Blink rElec Dex-2}
 15472 | Gauntlet | Identified the amulet "Tacas" {Spirit +Inv Fly rPois Str-2}
 15485 | Gauntlet | Identified the +2 robe "Qivos" {rN++ Int-5}
 15486 | Gauntlet | Got the Compilation of Terrain
 15604 | D:13     | Noticed an ironbound preserver
 15706 | D:12     | Noticed Azrael
 15720 | D:12     | Killed Azrael
 16136 | D:13     | Killed an ironbound preserver
 16300 | D:13     | Found a gate to the Vaults.
 16965 | D:14     | Reached skill level 21 in Unarmed Combat
 17736 | D:15     | Entered Level 15 of the Dungeon
 17797 | D:15     | Reached XP level 15. HP: 59/143 MP: 8/14
 17798 | D:15     | HP: 4/143 [white ugly thing (16)]
 17798 | D:15     | Slain by a white ugly thing

Illustrated notes

Levels and vault maps discovered:
D:1:      eino_arrival_druids_welcome, layout_loops_ring,
          shapermc_ecumenical_altar_ellora, grunt_decor_arrowhead,
          minmay_cut_off
D:2:      layout_loops_ring, basic_altar
D:3:      layout_rooms, led_sif_book, mainiacjoe_overflow_paths
D:4:      layout_cave_pods, mainiacjoe_overflow_cross_hatched,
          cheibrodos_sewer_entry_sluice, nrook_mini_vaults
D:5:      layout_basic, lemuel_coloured_pillars_altar, zin_academy,
          trog_butcher_becter, serial_bayou, serial_bayou_lagoon_a,
          serial_bayou_crossing, serial_bayou_pond_a, serial_bayou_pond_e,
          nicolae_inconvenience_store
D:6:      layout_rooms, nicolae_overflow_hidden_temple, kennysheep_little_box,
          minmay_checkerbox, uniq_menkaure
D:7:      layout_basic, regret_index_temple_of_mockery, elyvilon_altar_3,
          minmay_temple_entry_offerings
D:8:      layout_basic, minivault_22, roderic_batcave, roderic_filled_cross
D:9:      layout_roguey, lightli_temple_of_fire,
          mainiacjoe_overflow_six_doors_small
D:10:     layout_roguey, nicolae_ru_great_annihilating_truth,
          david_lair_shrubbed
D:11:     layout_roguey, david_orc_5, enter_trove_3
D:12:     layout_basic, serial_shops, shop, nicolae_hexahallways, uniq_azrael,
          uniq_maurice
D:13:     layout_loops_ring, skrybe_vaults_entry_preservation,
          lemuel_freeze_loot_1
D:14:     layout_basic, gauntlet_entry_generic
D:15:     grunt_enter_depths_magical_seal, layout_small_grid, serial_shops,
          bzr_entry_safe
Temple:   hellmonk_temple_of_storms
Lair:1:   layout_long_grid, chequers_serial_rivers_micro_b, worms_lemuel,
          serial_bayou_shore_b
Lair:2:   lemuel_reptile_caves, layout_cave_shapes,
          nicolae_volcano_entry_batcave, serial_bayou_shore_a
Lair:3:   layout_regular_city, minmay_shoals_entry_centaurs, dummy_snake_entry,
          pdpol_lair_cabin_in_the_woods
Lair:4:   layout_small_grid, lemuel_fruit_fields, serial_bayou_shore_b,
          infiniplex_staircase_pool_2, lemuel_fruit_tree, grunt_megastairs_4
Lair:5:   evil_forest, layout_gridlike, nicolae_slime_entry_field_trip,
          serial_bayou_shore_b

Skill      XL: |  1  2  3  4  5  6  7  8  9 10 11 12 13 14 |
---------------+-------------------------------------------+-----
Shapeshifting  | 4 5 6 7 8 9 10 | 10.8
Unarmed Combat | 3 4 5 6 8 11 13 15 17 19 21 | 21.2
Fighting       | 2 3 4 5 6 7 |  7.8
Dodging        | 2 4 |  4.7

Action                     |  1- 3 |  4- 6 |  7- 9 | 10-12 | 13-15 || total
---------------------------+-------+-------+-------+-------+-------++-------
  Melee: Unarmed           |    91 |   182 |   221 |   387 |   532 ||  1413
         Punch             |     2 |       |     8 |    26 |    60 ||    96
         Mace              |       |       |       |       |     3 ||     3
         Constrict         |       |       |       |       |     5 ||     5
 Invoke: Sacrifice Durabil |       |       |       |     1 |       ||     1
         Draw Out Power    |       |       |       |     2 |     7 ||     9
         Power Leap        |       |       |       |     2 |     1 ||     3
         Sacrifice Essence |       |       |       |     1 |       ||     1
         Sacrifice Artific |       |       |       |     1 |       ||     1
         Apocalypse        |       |       |       |       |     1 ||     1
         Sacrifice Stealth |       |       |       |       |     1 ||     1
         Reject Sacrifices |       |       |       |       |     1 ||     1
    Use: Scroll            |       |       |    13 |    10 |     4 ||    27
         Potion            |       |       |     1 |     5 |     4 ||    10
   Stab: Sleeping          |     3 |       |     2 |     6 |     1 ||    12
         Distracted        |       |       |       |     5 |     1 ||     6
         Paralysed         |       |       |       |     1 |     3 ||     4
         Invisible         |       |       |       |       |     8 ||     8
 Armour: Animal skin       |    35 |    53 |    20 |       |       ||   108
         Steam dragon scal |       |       |    38 |    64 |    66 ||   168
         Skin              |       |       |       |    30 |     3 ||    33
         Swamp dragon scal |       |       |       |       |    28 ||    28
  Dodge: Dodged            |    28 |   101 |    92 |   192 |   268 ||   681
   Form: Anaconda          |       |       |       |       |     1 ||     1
         Beast             |       |       |       |       |     1 ||     1

Table legend: (Time is in decaauts)
 A = Elapsed time spent in this place.
 B = Non-inter-level travel time spent in this place.
 C = Inter-level travel time spent in this place.
 D = Time resting spent in this place.
 E = Time spent auto-exploring this place.
 F = Levels seen in this place.
 G = Mean time per level.
                   A        B        C        D        E       F      G
               +--------+--------+--------+--------+--------+-----+--------+
         Total |  17437 |  16374 |   1063 |    404 |  12612 |  24 |  726.5 |
       Dungeon |  10721 |   9955 |    766 |    127 |   7997 |  15 |  714.7 |
        Temple |     40 |     34 |      6 |      0 |     27 |   1 |   40.0 |
          Lair |   5276 |   4986 |    290 |    196 |   3837 |   5 | 1055.2 |
         Sewer |    608 |    608 |      0 |      0 |    387 |   1 |  608.0 |
       Volcano |    360 |    360 |      0 |     81 |    174 |   1 |  360.0 |
      Gauntlet |    430 |    430 |      0 |      0 |    189 |   1 |  430.0 |
               +--------+--------+--------+--------+--------+-----+--------+

Top non-repeatable levels by time:
  Lair:3: 1201 daAuts
     D:5: 1123 daAuts
  Lair:2: 1094 daAuts
  Lair:4: 1082 daAuts
    D:14: 1058 daAuts
  Lair:5: 1056 daAuts
  Lair:1: 841 daAuts
     D:7: 826 daAuts
    D:13: 823 daAuts
    D:12: 814 daAuts
     D:4: 774 daAuts
     D:8: 766 daAuts
     D:1: 764 daAuts
    D:10: 703 daAuts
     D:9: 703 daAuts
